 Dungeon Crawl Stone Soup version 0.25.0 (webtiles) character file.

Game seed: 15014501680528015580

34839 sentinel the Cleaver (level 13, -1/123 HPs)
             Began as a Gargoyle Fighter on June 12, 2020.
             Was a High Priest of Okawaru.
             Killed by divine providence
             ... invoked by a meliai
              (9 damage)
             ... on level 13 of the Dungeon.
             The game lasted 00:18:35 (14918 turns).

sentinel the Cleaver (Gargoyle Fighter)            Turns: 14918, Time: 00:18:36

Health: -1/123     AC: 38    Str: 30    XL:     13   Next: 80%
Magic:  20/21      EV: 19    Int: 13    God:    Okawaru [*****.]
Gold:   1140       SH: 17    Dex: 15    Spells: 12/12 levels left

rFire    + + +     SeeInvis .   J - +2 broad axe (elec)
rCold    . . .     Gourm    .   o - +2 kite shield
rNeg     + . .     Faith    .   D - +1 plate armour of the Other Side {rPois rC+ Str+6 Int+3}
rPois    ∞         Spirit   .   y - +2 hat
rElec    +         Reflect  .   F - +2 cloak "Dahomic" {rPois}
rCorr    .         Harm     .   (no gloves)
MR       .....                  k - +0 pair of boots
Stlth    ..........             (no amulet)
HPRegen  0.30/turn              l - ring of Pride {EV+4 Dex+6}
MPRegen  0.17/turn              c - ring of Weupinant {+Blink +Inv rF+++ rC- AC+4}

@: berserking (expiring), heroism, slow
A: negative energy resistance 1, electricity resistance, unbreathing,
petrification resistance, rot immunity, AC +9
a: Heroism, Finesse, Renounce Religion, Evoke Blink, Evoke Invisibility


You were on level 13 of the Dungeon.
You worshipped Okawaru.
Okawaru was extremely pleased with you.
You were not hungry.

You visited 3 branches of the dungeon, and saw 16 of its levels.
You also visited: Bailey and Gauntlet.

You collected 1708 gold pieces.
You spent 568 gold pieces at shops.

Inventory:

Hand Weapons
 J - a +2 broad axe of electrocution (weapon)
 N - the +9 short sword of Neurosis {venom, +Fly rElec rF- Dex+3, unknown}
   (You found it on level 12 of the Dungeon)

   It poisons the flesh of those it strikes.
   It affects your dexterity (+3).
   It makes you vulnerable to fire.
   It insulates you from electricity.
   It lets you fly.
Missiles
 g - 8 curare-tipped darts (quivered)
Armour
 k - a +0 pair of boots (worn)
 o - a +2 kite shield (worn)
 w - +0 acid dragon scales
 y - a +2 hat (worn)
 D - the +1 plate armour of the Other Side (worn) {rPois rC+ Str+6 Int+3}
   (You found it on level 8 of the Dungeon)

   It affects your strength (+6).
   It affects your intelligence (+3).
   It protects you from cold.
   It protects you from poison.
 F - the +2 cloak "Dahomic" (worn) {rPois}
   (You found it in a Gauntlet)

   It protects you from poison.
 G - the +5 plate armour of Koroof {Int+6 Stlth+}
   (You found it in a Gauntlet)

   It affects your intelligence (+6).
   It makes you more stealthy.
Jewellery
 c - the ring of Weupinant (right hand) {+Blink +Inv rF+++ rC- AC+4}
   (You acquired it on level 9 of the Dungeon)

   [ring of protection]

   It affects your AC (+4).
   It renders you almost immune to fire.
   It makes you vulnerable to cold.
   It lets you turn invisible.
   It lets you blink.
 l - the ring of Pride (left hand) {EV+4 Dex+6}
   (You found it in a Gauntlet)

   [ring of evasion]

   It affects your evasion (+4).
   It affects your dexterity (+6).
 p - the ring "Unliujie" {+Blink rF+ Str+3 Dex+3}
   (You found it on level 12 of the Dungeon)

   [ring of protection from fire]

   It affects your strength (+3).
   It affects your dexterity (+3).
   It protects you from fire.
   It lets you blink.
 s - an uncursed amulet of magic regeneration {unknown}
 t - the ring of Bidwiduf {+Fly MR+ MP+9 Dex+2}
   (You found it in a Gauntlet)

   [ring of flight]

   It affects your dexterity (+2).
   It affects your resistance to hostile enchantments.
   It affects your magic capacity (+9).
   It lets you fly.
 A - a +6 ring of intelligence
 H - an uncursed ring of fire {unknown}
 L - a +6 ring of dexterity {unknown}
Wands
 E - a wand of enslavement (11)
 I - a wand of iceblast (8)
 P - a wand of paralysis (6)
Scrolls
 a - a scroll of acquirement
 b - 2 scrolls of fear
 f - 2 scrolls of fog
 m - 3 scrolls of silence {!r}
 r - 7 scrolls of identify
 u - 2 scrolls of magic mapping
 x - 7 scrolls of remove curse
 z - 6 scrolls of blinking
 B - a scroll of noise {unknown}
 C - a scroll of enchant armour
Potions
 d - 4 potions of might
 h - 2 potions of haste
 i - 3 potions of stabbing
 j - 2 potions of flight
 n - 2 potions of resistance
 q - a potion of curing
 K - a potion of invisibility {unknown}
 M - a potion of lignification {unknown}
Miscellaneous
 U - a phial of floods (inert)
Comestibles
 e - 30 rations
 O - 9 chunks of flesh


   Skills:
 + Level 9.8(14.8) Fighting
 * Level 11.2(16.2) Axes
 + Level 9.8(14.8) Armour
 + Level 5.7(10.7) Dodging
 + Level 9.8(14.8) Shields
 * Level 10.7 Invocations
 + Level 6.4 Evocations


You had 12 spell levels left.
You didn't know any spells.
Your spell library contained the following spells:

 Spells                   Type           Power        Failure   Level  Hunger
 Animate Skeleton         Necr           N/A          86%         1    ##.....
 Apportation              Tloc           #.....       86%         1    ##.....
 Corona                   Hex            #......      86%         1    ##.....
 Summon Small Mammal      Summ           #...         86%         1    ##.....
 Malign Gateway           Summ/Tloc      #.........   100%        7    #######
 Monstrous Menagerie      Summ           #.........   100%        7    #######
 Summon Greater Demon     Summ           #.........   100%        7    #######
 Summon Horrible Things   Summ           #.........   100%        8    #######


Dungeon Overview and Level Annotations

Branches:
Dungeon (13/15)            Temple (1/1) D:6            Lair (0/6) D:10
    Orc (2/2) D:11            Elf (0/3) Orc:2        Bailey (visited)
Gauntlet (visited)
 Vaults: D:13-14

Altars:
Ashenzari
Cheibriados
Dithmenos
Elyvilon
Fedhas
Gozag
Hepliaklqana
Kikubaaqudgha
Makhleb
Nemelex Xobeh
Okawaru
Qazlal
Ru
Sif Muna
Trog
Uskayaw
Vehumet
Wu Jian
Xom
Yredelemnul
Zin
The Shining One

Shops:
D:4 :   D:7 (*   D:9 ?   D:10 %(!:(   Orc:1 (   Orc:2 :

Annotations:
Orc:2 2 exclusions


Innate Abilities, Weirdness & Mutations

You are resistant to torment.
Your stone body is resilient. (AC +9)
You are immune to poison.
You resist negative energy. (rN+)
You are resistant to electric shocks. (rElec)
You can survive without breathing.
You are immune to petrification.
You are immune to rotting.


Message History

But you're not safe! But you're not safe! But you're not safe!
But you're not safe!
You gain the combat prowess of a mighty hero.
A centaur warrior skeleton comes into view.
A crocodile comes into view.
You slice the troll!! The troll barely misses you.
The troll claws you but does no damage. x2
You closely miss the troll. You block the troll's attack.
The troll completely misses you. You block the troll's attack.
You slice the troll!!
The centaur warrior skeleton hits you but does no damage.
You block the troll's attack. x3
You slice the troll!!
You kill the troll!
Okawaru accepts your kill.
You hit the centaur warrior skeleton.
Lightning courses through the centaur warrior skeleton!!
The centaur warrior skeleton hits you but does no damage.
You slice the centaur warrior skeleton!!
Lightning courses through the centaur warrior skeleton!
You closely miss the crocodile.
The crocodile bites you but does no damage.
The centaur warrior skeleton barely misses you.
You slice the centaur warrior skeleton!!
Lightning courses through the centaur warrior skeleton!
You destroy the centaur warrior skeleton!
Okawaru accepts your kill.
You hit the crocodile. You block the crocodile's attack.
You closely miss the crocodile. You block the crocodile's attack.
You slash the crocodile!
Lightning courses through the crocodile!
You kill the crocodile!
Okawaru accepts your kill.
No target in view!
No target in view!
No target in view!
No target in view!
No target in view!
No target in view!
No target in view!
No target in view!
No target in view!
No target in view!
You see here a crocodile corpse.
You now have 1140 gold pieces (gained 17).
As you open the door, it creaks loudly! 2 meliai come into view.
The meliai buzzes angrily. x2; You hear an angry buzzing noise.
A meliai comes into view. It is wielding a +0 hand axe.
The meliai invokes the aid of its god against you.
Something smites you! But you're not safe! But you're not safe!
But you're not safe! But you're not safe! But you're not safe!
But you're not safe! But you're not safe! But you're not safe!
But you're not safe! But you're not safe! But you're not safe!
But you're not safe!
You feel more confident with your borrowed prowess.
The meliai mumbles some strange prayers to its god against you.
Something smites you!
Aim: a meliai, wielding a +0 war axe and wearing a +0 robe The mass of ice explodes!
The iceblast engulfs the meliai! x2
You hear a shout!
The meliai invokes the aid of its god against you.
Something smites you!
The meliai mumbles some strange prayers to its god against you.
Something smites you!
The meliai invokes the aid of its god against you.
Something smites you!
The meliai calls upon its god to heal the meliai.
The meliai is healed somewhat.
You are too injured to fight recklessly!
You are too injured to fight recklessly!
Okay, then.
Okay, then.
Okay, then.
Blink to where?
Okay, then.
Aim the phial where?
Aim: a meliai, wielding a +0 war axe and wearing a +0 robe (severely wounded)
Okay, then.
Here: a meliai, wielding a +0 hand axe and wearing a +0 robe (lightly wounded)
An open door.
Here: a meliai, wielding a +0 hand axe and wearing a +0 robe (lightly wounded)
An open door.
Aim the phial where?
Aim: a meliai, wielding a +0 hand axe and wearing a +0 robe (lightly wounded)
The torrent of water misses the meliai.
The wave splashes down.
The meliai is engulfed in water.
Splash!
You fall into the shallow water.
Moving in this stuff is going to be slow.
The meliai is engulfed in water.
You hear a bellow! x3; You hear a shout! x2
You block the meliai's attack. x2; The meliai barely misses you.
You block the meliai's attack. The meliai completely misses you. x2
The meliai barely misses you. The meliai closely misses you.
Okay, then.
A red film seems to cover your vision as you go berserk!
You feel yourself moving faster!
You feel mighty! You block the meliai's attack.
The meliai completely misses you. You block the meliai's attack.
The meliai stings you. The meliai hits you but does no damage.
You block the meliai's attack.
The meliai calls upon its god to heal the meliai.
The meliai is healed somewhat.
You hit the meliai. Lightning courses through the meliai!
You kill the meliai!
Okawaru accepts your kill.
You barely miss the meliai. You closely miss the meliai.
You block the meliai's attack. x2; The meliai hits you but does no damage.
The meliai completely misses you.
Your unstable footing causes you to fumble your attack.
You block the meliai's attack. x3; The meliai misses you.
Some of the chunks of flesh in your inventory have rotted away.
You closely miss the meliai. You slash the meliai!
You block the meliai's attack. x2; The meliai misses you.
The meliai barely misses you.
You miss the meliai. You closely miss the meliai.
The meliai hits you but does no damage. The meliai misses you. x2
You block the meliai's attack.
Your unstable footing causes you to fumble your attack.
The meliai barely misses you. You block the meliai's attack. x2
The meliai stings you but does no damage.
Your unstable footing causes you to fumble your attack.
You block the meliai's attack. The meliai misses you.
The meliai barely misses you. You block the meliai's attack.
You slash the meliai! x2; The meliai closely misses you.
The meliai stings you but does no damage.
You block the meliai's attack. x2
You slash the meliai! You slice the meliai!!
Lightning courses through the meliai!!
You kill the meliai!
Okawaru accepts your kill.
You hear a splash. x2
The meliai calls down the wrath of its god upon you.
Something smites you!
* * * LOW HITPOINT WARNING * * *
HP warning!
Your unstable footing causes you to fumble your attack.
The meliai mumbles some strange prayers to its god against you.
Something smites you!
You die...

##................#
#................#
#.....######.....#
#..)..#....#.....#
#..... ....#.....#
.... ≈.≈#.....# ..
≈≈#...###
...#+##)#...#
.....≈y@)≈..#
.....≈...≈..#
............#
............#
#############


You could see a meliai.

Vanquished Creatures
  Rupert (Orc:2)
  A minotaur (Gauntlet)
  Erolcha (Orc:2)
  2 hydras
  2 centaur warriors
  3 two-headed ogres
  5 skeletal warriors (D:11)
  An orange crystal statue (Gauntlet)
  An obsidian statue (Gauntlet)
  2 orc knights
  An ugly thing (D:11)
  3 orc sorcerers (Orc:2)
  2 cyclopes (D:11)
  A manticore (D:11)
  Maurice (D:10)
  Joseph (D:10)
  Psyche (D:8)
  2 centaur skeletons
  Maggie (D:8)
  9 trolls
  2 meliai (D:13)
  A hornet (D:9)
  Prince Ribbit (D:8)
  2 hippogriffs (D:11)
  Grinder (D:5)
  Sigmund (D:5)
  A wraith (D:11)
  12 yaks
  4 hogs (D:7)
  A human (D:7)
  Grum (D:10)
  4 vampire mosquitoes (D:12)
  2 hungry ghosts
  3 wargs
  Edmund (D:5)
  An acid dragon (D:11)
  25 orc warriors
  3 ice beasts
  3 necrophages
  A sky beast (D:9)
  A phantom (D:13)
  2 wolves (D:10)
  3 black bears
  13 ogres
  A crocodile (D:13)
  9 centaurs
  A big kobold (D:11)
  A gnoll sergeant (D:5)
  4 bullfrogs
  5 scorpions
  7 wights
  2 howler monkeys (D:8)
  3 crimson imps
  A quasit (D:7)
  5 centaur zombies
  A gnoll shaman (D:4)
  2 jellies
  Crazy Yiuf (D:4)
  28 orc priests
  5 hounds
  3 bullfrog skeletons
  5 iguanas
  31 orc wizards
  10 worker ants
  A howler monkey zombie (D:9)
  2 worker ant zombies
  A howler monkey skeleton (D:10)
  11 adders
  14 gnolls
  A shadow imp (D:5)
  7 worms
  2 adder skeletons (D:4)
  3 dart slugs
  4 leopard geckos
  113 orcs
  4 giant cockroaches
  6 goblins
  6 hobgoblins
  13 jackals
  4 quokkas
  3 ball pythons
  3 bats
  7 frilled lizards
  9 kobolds
  A leopard gecko zombie (D:5)
  A quokka skeleton (D:7)
  A quokka zombie (D:7)
  12 rats
  3 plants (D:10)
487 creatures vanquished.

Vanquished Creatures (others)
  2 orcs
  A hobgoblin (D:11)
  5 withered plants (Gauntlet)
8 creatures vanquished.

Grand Total: 495 creatures vanquished

Notes
Turn   | Place    | Note
-------+----------+-------------------------------------------
     0 | D:1      | sentinel the Gargoyle Fighter began the quest for the Orb.
     0 | D:1      | Reached XP level 1. HP: 14/14 MP: 1/1
   179 | D:1      | Reached skill level 2 in Axes
   249 | D:1      | Reached XP level 2. HP: 19/19 MP: 2/2
   859 | D:2      | Reached XP level 3. HP: 18/23 MP: 3/3
  1493 | D:3      | Reached XP level 4. HP: 28/29 MP: 4/4
  1877 | D:3      | Reached skill level 3 in Axes
  2038 | D:3      | Reached XP level 5. HP: 33/33 MP: 5/5
  2106 | D:3      | Found a glowing golden altar of the Shining One.
  2557 | D:4      | Found Ufa Tofy's Book Boutique.
  2619 | D:4      | Found an opulent altar of Gozag.
  2708 | D:4      | Found a runed translucent door.
  2709 | D:4      | Noticed Crazy Yiuf
  2912 | D:4      | Paralysed by Crazy Yiuf for 6 turns
  2921 | D:4      | Killed Crazy Yiuf
  3164 | D:4      | Found a glowing golden altar of the Shining One.
  3219 | D:4      | Reached XP level 6. HP: 16/39 MP: 6/6
  3261 | D:4      | Reached skill level 4 in Axes
  3314 | D:4      | Reached XP level 7. HP: 30/44 MP: 7/7
  3969 | D:5      | Entered Level 5 of the Dungeon
  4043 | D:5      | Reached skill level 5 in Fighting
  4043 | D:5      | Reached skill level 5 in Armour
  4043 | D:5      | Reached skill level 5 in Shields
  4105 | D:5      | Reached skill level 5 in Axes
  4164 | D:5      | Noticed Edmund
  4182 | D:5      | Killed Edmund
  4249 | D:5      | Reached XP level 8. HP: 48/49 MP: 8/8
  4304 | D:5      | Noticed Sigmund
  4326 | D:5      | Killed Sigmund
  4583 | D:5      | Reached skill level 6 in Axes
  4612 | D:5      | Noticed Grinder
  4622 | D:5      | Killed Grinder
  5002 | D:6      | Found a staircase to the Ecumenical Temple.
  5022 | Temple   | Entered the Ecumenical Temple
  5166 | Temple   | Became a worshipper of Warmaster Okawaru
  5344 | D:6      | Reached skill level 1 in Invocations
  5344 | D:6      | Reached XP level 9. HP: 55/55 MP: 9/9
  5531 | D:6      | Reached skill level 1 in Evocations
  5956 | D:7      | Found a flagged portal.
  5964 | D:7      | Reached skill level 1 in Dodging
  5982 | Bailey   | Entered a bailey
  6093 | Bailey   | Noticed an orc knight
  6093 | Bailey   | Noticed an orc knight
  6618 | Bailey   | Noticed an orc knight
  6636 | Bailey   | Killed an orc knight
  6636 | Bailey   | Reached * piety under Okawaru
  6636 | Bailey   | Reached skill level 7 in Axes
  6750 | D:7      | Found Ofofeomots's Weapon Shop.
  6764 | D:7      | Bought 8 curare-tipped darts for 67 gold pieces
  6848 | D:7      | Reached ** piety under Okawaru
  6860 | D:7      | Reached XP level 10. HP: 43/61 MP: 11/13
  7092 | D:7      | Found Xarrack's Island Escapes.
  7271 | D:7      | Bought a scroll of blinking for 97 gold pieces
  7271 | D:7      | Bought a scroll of blinking for 97 gold pieces
  7271 | D:7      | Bought 2 scrolls of blinking for 195 gold pieces
  7273 | D:8      | Noticed Maggie
  7287 | D:8      | Killed Maggie
  7416 | D:8      | Got a warped plate armour
  7575 | D:8      | Identified the +1 plate armour of the Other Side {rPois rC+
                  | Str+6 Int+3} (You found it on level 8 of the Dungeon)
  7620 | D:8      | Found a shattered altar of Ashenzari.
  7665 | D:8      | Noticed Psyche
  7668 | D:8      | Killed Psyche
  7691 | D:8      | Noticed a two-headed ogre
  7701 | D:8      | Killed a two-headed ogre
  7701 | D:8      | Reached *** piety under Okawaru
  7701 | D:8      | Reached skill level 8 in Axes
  7701 | D:8      | Reached skill level 5 in Invocations
  7985 | D:8      | Noticed Prince Ribbit
  8005 | D:8      | Killed Prince Ribbit
  8297 | D:9      | Got a transparent ring mail
  8362 | D:9      | Found Yzosuot's Magic Scroll Emporium.
  8367 | D:9      | Bought a scroll of enchant weapon for 112 gold pieces
  8369 | D:9      | Identified a scroll of acquirement
  8371 | D:9      | Got the ring of Weupinant {+Blink +Inv rF+++ rC- AC+4}
  8378 | D:9      | Identified the cursed +1 ring mail "Hamemaj" {rC+ rN+} (You
                  | found it on level 9 of the Dungeon)
  8623 | D:9      | Found a hazy altar of Hepliaklqana.
  8624 | D:9      | Found a shadowy altar of Dithmenos.
  8624 | D:9      | Found a white marble altar of Elyvilon.
  8626 | D:9      | Found an ornate altar of the Wu Jian Council.
  8917 | D:10     | Entered Level 10 of the Dungeon
  8924 | D:10     | Noticed a two-headed ogre
  8942 | D:10     | Killed a two-headed ogre
  8942 | D:10     | Reached **** piety under Okawaru
  8942 | D:10     | Reached XP level 11. HP: 64/68 MP: 15/15
  8945 | D:10     | Found Cifasyoz's Food Boutique.
  8950 | D:10     | Noticed Joseph
  8952 | D:10     | Found a staircase to the Lair.
  8961 | D:10     | Killed Joseph
  8984 | D:10     | Received a gift from Okawaru
  9058 | D:10     | Noticed Grum
  9072 | D:10     | Killed Grum
  9162 | D:10     | Found Disos's Book Shoppe.
  9184 | D:10     | Noticed Maurice
  9209 | D:10     | Reached ***** piety under Okawaru
  9211 | D:10     | Killed Maurice
  9396 | D:10     | Found Eviloox's Distillery.
  9447 | D:10     | Found Neddig's Antique Weapon Shop.
  9500 | D:10     | Found Iczeangi's Antique Weapon Shoppe.
  9504 | D:10     | Reached skill level 9 in Axes
  9758 | D:11     | Received a gift from Okawaru
  9974 | D:11     | Noticed a manticore
  9975 | D:11     | Noticed a cyclops
  9979 | D:11     | Noticed a skeletal warrior
  9980 | D:11     | Noticed a skeletal warrior
  9980 | D:11     | Noticed a skeletal warrior
  9981 | D:11     | Noticed a skeletal warrior
  9984 | D:11     | Noticed a four-headed hydra
 10053 | D:11     | Found a gate leading to a gauntlet.
 10057 | D:11     | Noticed a centaur warrior
 10071 | Gauntlet | Entered a Gauntlet
 10071 | Gauntlet | Found a transporter.
 10071 | Gauntlet | Found a transporter.
 10071 | Gauntlet | Noticed a death ooze
 10071 | Gauntlet | Noticed an orange crystal statue
 10108 | Gauntlet | Found a transporter.
 10110 | Gauntlet | Found a transporter.
 10121 | Gauntlet | Noticed an obsidian statue
 10122 | Gauntlet | Found a transporter.
 10126 | Gauntlet | Found a transporter.
 10128 | Gauntlet | Found a transporter.
 10135 | Gauntlet | Found a transporter.
 10181 | Gauntlet | Found a transporter.
 10181 | Gauntlet | Noticed a soul eater
 10198 | Gauntlet | Found a transporter.
 10206 | Gauntlet | Found a transporter.
 10206 | Gauntlet | Noticed an oklob plant
 10223 | Gauntlet | Found a transporter.
 10317 | Gauntlet | Killed an orange crystal statue
 10322 | Gauntlet | Got a vibrating marble ring
 10328 | Gauntlet | Identified the ring of Pride {EV+4 Dex+6} (You found it in
                  | a Gauntlet)
 10356 | Gauntlet | Killed an obsidian statue
 10363 | Gauntlet | Got a bound tin ring
 10367 | Gauntlet | Identified the ring of Bidwiduf {+Fly MR+ MP+9 Dex+2} (You
                  | found it in a Gauntlet)
 10404 | Gauntlet | Noticed a minotaur
 10417 | Gauntlet | Killed a minotaur
 10417 | Gauntlet | Reached XP level 12. HP: 74/75 MP: 11/18
 10426 | Gauntlet | Got a masterwork cloak
 10426 | Gauntlet | Got an ichor-stained plate armour
 10427 | Gauntlet | Identified the +2 cloak "Dahomic" {rPois} (You found it in
                  | a Gauntlet)
 10428 | Gauntlet | Identified the +5 plate armour of Koroof {Int+6 Stlth+}
                  | (You found it in a Gauntlet)
 10469 | D:11     | Killed a centaur warrior
 10986 | D:11     | Found a staircase to the Orcish Mines.
 11005 | D:11     | Reached skill level 5 in Evocations
 11026 | D:11     | Reached skill level 10 in Axes
 11052 | D:11     | Killed a nine-headed hydra
 11489 | Orc:1    | Entered Level 1 of the Orcish Mines
 11538 | Orc:1    | Reached skill level 5 in Dodging
 11896 | Orc:2    | Entered Level 2 of the Orcish Mines
 12147 | Orc:2    | Noticed a two-headed ogre
 12163 | Orc:2    | Killed a two-headed ogre
 12163 | Orc:2    | Received a gift from Okawaru
 12163 | Orc:2    | Reached XP level 13. HP: 80/80 MP: 20/20
 12457 | Orc:2    | Noticed Rupert
 12475 | Orc:2    | Killed Rupert
 12475 | Orc:2    | Reached skill level 10 in Invocations
 12551 | Orc:1    | Found Jeol's Antique Weapon Shoppe.
 12887 | Orc:2    | Found Woqit's Book Emporium.
 12890 | Orc:2    | Noticed Erolcha
 12900 | Orc:2    | Killed Erolcha
 12947 | Orc:2    | Received a gift from Okawaru
 13207 | Orc:2    | Found a staircase to the Elven Halls.
 13551 | D:12     | Got a steaming brass ring
 13697 | D:12     | Reached skill level 11 in Axes
 13784 | D:12     | Identified the ring "Unliujie" {+Blink rF+ Str+3 Dex+3}
                  | (You found it on level 12 of the Dungeon)
 14566 | D:12     | Got a bone short sword
 14918 | D:13     | Killed from afar by a meliai

Illustrated notes

Levels and vault maps discovered:
D:1:      nzn_arrival_crosshair, layout_loops_corners
D:2:      layout_basic, first_ration, small_statue_intersection
D:3:      layout_loops_ring, fountainhead, chequers_decorated_corner,
          nicolae_tso_swordbearing_angel
D:4:      layout_loops_ring, nicolae_gozag_cash_rules_everything_around_me,
          kennysheep_mini, serial_shops, nicolae_shop_trees,
          uniq_crazy_yiuf_cottage
D:5:      layout_loops_ring, hangedman_decor_opposing, uniq_sigmund,
          uniq_grinder, uniq_edmund
D:6:      layout_basic, minmay_temple_entry_offerings
D:7:      layout_rooms, enter_bailey_2, serial_shops, shop, grunt_livestock,
          nicolae_island_escapes
D:8:      layout_basic, minmay_misc_feat_enclosed, grunt_ashenzari_visionary
          [grunt_ashenzari_visionary_shoals, grunt_ashenzari_visionary_spider],
          uniq_maggie, uniq_psyche, uniq_prince_ribbit1
D:9:      layout_basic, grunt_temple_overflow_open, serial_shops,
          nicolae_shop_waterfront
D:10:     layout_rooms, dpeg_oklobed_lair, serial_shops, shop, shop,
          nicolae_shop_trees, shop, shop, lemuel_flame_loot_1, uniq_maurice,
          uniq_joseph, uniq_grum
D:11:     layout_basic, erik_orc_4, gauntlet_entry_generic
D:12:     layout_grid_maze
D:13:     layout_irregular_city, david_vaults_5
Temple:   regret_index_temple_sphere_string
Orc:1:    layout_diamond_mine, serial_shops, shop_fountains
Orc:2:    pf_orc_diabolical, layout_diamond_mine, serial_shops,
          nicolae_shop_behind_doors, uniq_rupert, uniq_erolcha

Skill      XL: |  1  2  3  4  5  6  7  8  9 10 11 12 13 |
---------------+----------------------------------------+-----
Axes           | 2 3 4 5 6 7 8 9 10 11 | 11.2
Fighting       | 4 5 6 7 8 9 |  9.8
Shields        | 4 5 6 7 8 9 |  9.8
Armour         | 4 5 6 7 8 9 |  9.8
Invocations    | 1 4 6 8 9 10 | 10.7
Evocations     | 2 3 4 5 6 |  6.4
Dodging        | 2 3 4 5 |  5.7

Action                   |  1- 3 |  4- 6 |  7- 9 | 10-12 | 13-15 || total
-------------------------+-------+-------+-------+-------+-------++-------
Melee: War axe           |   118 |   141 |   418 |   652 |    14 ||  1343
       Broad axe         |       |       |       |       |   224 ||   224
Throw: Dart              |       |       |       |     7 |     3 ||    10
Invok: Heroism           |       |       |       |    26 |    15 ||    41
       Finesse           |       |       |       |     6 |     3 ||     9
 Abil: Evoke Invisibilit |       |       |       |     4 |     3 ||     7
Evoke: Wand              |       |       |       |    10 |     3 ||    13
       Phial of floods   |       |       |       |       |     1 ||     1
  Use: Scroll            |       |    16 |     5 |    10 |       ||    31
       Potion            |       |     2 |     5 |     2 |     1 ||    10
 Stab: Invisible         |       |     1 |       |    38 |    15 ||    54
       Paralysed         |       |       |       |     4 |       ||     4
  Eat: Chunk             |     2 |     6 |     9 |    22 |    10 ||    49
       Ration            |       |       |     1 |       |       ||     1
Armor: Scale mail        |    63 |    38 |       |       |       ||   101
       Plate armour      |       |    68 |   125 |   235 |    77 ||   505
       Chain mail        |       |       |   127 |       |       ||   127
       Fire dragon scale |       |       |    22 |    12 |       ||    34
Dodge: Dodged            |    35 |    44 |   101 |   237 |    92 ||   509
Block: Kite shield       |    58 |    80 |   306 |   500 |   175 ||  1119
